 Dungeon Sprint DCSS version 0.17-a0-1691-g18a3847 (webtiles) character file.

26583 Kidiri the Tortoise (level 12, 0/117 HPs)
             Began as a Minotaur Fighter on Aug 20, 2015.
             Was the Champion of Okawaru.
             Slain by a death knight
             ... wielding a +4 broad axe
              (11 damage)
             ... in the Dungeon (Sprint VII: "The Pits").
             The game lasted 00:14:28 (3274 turns).

Kidiri the Tortoise (Minotaur Fighter)              Turns: 3274, Time: 00:14:28

Health: 0/117      AC: 27    Str: 32    XL:     12   Next: 99%
Magic:  19/19      EV: 18    Int:  5    God:    Okawaru [******]
Gold:   26         SH: 19    Dex: 10    Spells: 0 memorised, 11 levels left

rFire  . . .     SeeInvis .     x - +5 war axe (chop)
rCold  + . .     Clarity  .     A - +1 plate armour
rNeg   . . .     SustAt   .     c - +1 shield
rPois  .         Gourm    .     (helmet restricted)
rElec  .         Spirit   .     y - +1 cloak {MR+}
rCorr  .         Warding  .     (no gloves)
rMut   .         NoTele   +     z - +0 pair of boots
MR     +....                    (no amulet)
Stlth  ..........               v - +3 ring of strength
                                u - +3 ring of strength

@: heroism, finesse, somewhat resistant to hostile enchantments, extremely
unstealthy
A: retaliatory headbutt, horns 2, repulsion field 1, molten scales 1, cold
resistance 1, mutation resistance 1
a: Heroism, Finesse, Renounce Religion


You were in the Dungeon.
You worshipped Okawaru.
Okawaru was exalted by your worship.
You were not hungry.

You visited 1 branch You collected 26 gold pieces.

Inventory:

Hand weapons
 r - a +5 flail of holy wrath
 s - a +1 shortbow of flaming
 x - a +5 war axe of chopping (weapon)
Armour
 c - a +1 shield (worn)
 y - a +1 cloak of magic resistance (worn)
 z - a +0 pair of boots (worn)
 A - a +1 plate armour (worn)
Jewellery
 t - the ring "Pasinof" {rPois MR+++ Str-5 Dex-4 SInv}
   (You found it in the Dungeon)

   [ring of see invisible]

   It affects your strength (-5).
   It affects your dexterity (-4).
   It protects you from poison.
   It affects your resistance to hostile enchantments.
   It lets you see invisible.
 u - a +3 ring of strength (left hand)
 v - a +3 ring of strength (right hand)
 D - an uncursed ring of see invisible
Magical devices
 b - a wand of random effects (22)
Scrolls
 k - a scroll of blinking
 o - 4 scrolls of remove curse
 p - 5 scrolls of amnesia
 q - a scroll of summoning
 B - 2 scrolls of fear
 E - a scroll of identify
 H - a scroll of recharging
Potions
 a - a potion of brilliance
 d - 2 potions of might
 f - 8 potions of curing
 g - 7 potions of heal wounds
 h - 4 potions of haste
 i - 4 potions of magic
 j - 4 potions of berserk rage
 n - 2 potions of invisibility
 w - 3 potions of cure mutation
 G - a potion of agility
Comestibles
 e - 6 bread rations
 l - 40 fruits
 m - 7 meat rations


   Skills:
 + Level 14.0(19.0) Fighting
 * Level 18.5(23.5) Axes
 * Level 18.7(23.7) Armour
 + Level 12.8(17.8) Dodging
 * Level 18.5(23.5) Shields
 + Level 11.7 Invocations


You had 11 spell levels left.
You didn't know any spells.

Dungeon Overview and Level Annotations

Branches:
Dungeon (1/1)

Altars:
Ashenzari
Cheibriados
Dithmenos
Elyvilon
Fedhas
Gozag
Kikubaaqudgha
Makhleb
Nemelex Xobeh
Okawaru
Qazlal
Ru
Sif Muna
Trog
Vehumet
Xom
Yredelemnul
Zin
The Shining One
Beogh
Jiyva
Lugonu


Innate Abilities, Weirdness & Mutations

You reflexively headbutt those who attack you in melee.
You have a pair of horns on your head.
You are surrounded by a mild repulsion field (EV +2).
You are partially covered in molten scales (AC +1).
Your flesh is cold resistant.
You are somewhat resistant to further mutation.


Message History

Items here: ) [ †† the +3 long sword of Rupum {pain, Int+2} a leather armour; an orc corpse; an elephant corpse You barely miss the ogre.
The ogre is almost dead.
You slash the wraith!
The wraith is moderately damaged.
You hit the phantasmal warrior.
The phantasmal warrior is lightly damaged.
Unknown command.
You slash the ogre!
You kill the ogre!
Okawaru accepts your kill.
Your plate armour prevents you from hitting the phantasmal warrior.
The phantasmal warrior is lightly damaged.
You barely miss the wraith.
The wraith is moderately damaged.
The phantasmal warrior blinks!
You block the orc's attack.
The death knight hits you with an enchanted broad axe!
You die...

#....................''......
#....................''......
#..################..##..#...
#..# #.# #.#..##...... #..# #(#
#.##..##...... #..# #[# #)#
#..####++## #..# #H# #.# #..#
#..# #p#o# #..#
#..#########@######..#
#####........W..W))......#
___##...........§.)......#
___###########++##########
##############++##########
+..##................##..#
#?(##......#..#...(..##..#
#####................''..#
....'................''..########


You could see a death knight, a manticore, a phantasmal warrior, a wraith and an
orc.

Vanquished Creatures
  A titan (D)
  A death cob (D)
  A fire giant (D)
  A ghost moth (D)
  Nessos (D)
  A mummy priest (D)
  A hydra (D)
  An alligator snapping turtle (D)
  An ogre mage (D)
  Urug (D)
  A hell hog (D)
  2 deep trolls (D)
  A lindwurm (D)
  An unseen horror (D)
  A flayed ghost (D)
  A hill giant (D)
  A wolf spider (D)
  A hornet (D)
  2 orc knights (D)
  A cyclops (D)
  A black mamba (D)
  4 elephants (D)
  A gargoyle (D)
  Joseph (D)
  A spiny frog (D)
  A demonic crawler (D)
  A wandering mushroom (D)
  A guardian mummy (D)
  A red devil (D)
  A giant leech (D)
  A slime creature (D)
  A jumping spider (D)
  A boulder beetle (D)
  4 two-headed ogres (D)
  A redback (D)
  9 yaks (D)
  A fire bat (D)
  A flying skull (D)
  A spriggan (D)
  A water elemental (D)
  A wraith (D)
  7 vampire mosquitoes (D)
  Eustachio (D)
  A basilisk (D)
  A deep elf fighter (D)
  A hippogriff (D)
  A small abomination (D)
  Edmund (D)
  An ice beast (D)
  A wasp (D)
  8 orc warriors (D)
  2 necrophages (D)
  3 ogres (D)
  A centaur (D)
  A brain worm (D)
  A scorpion (D)
  3 orc wizards (D)
  A quasit (D)
  Ijyb (D)
  2 orc priests (D)
  An iron imp (D)
  Jessica (D)
  A worker ant (D)
  A hell rat (D)
  A gnoll (D)
  2 river rats (D)
  2 giant eyeballs (D)
  An ufetubus (D)
  An adder skeleton (D)
  6 orcs (D)
  A bat skeleton (D)
  A hobgoblin (D)
  A bat (D)
  3 giant newts (D)
118 creatures vanquished.

Vanquished Creatures (others)
  A sea snake (D)
  A bog body (D)
  A steam dragon (D)
  A swamp drake (D)
  An orc wizard (D)
  A gnoll (D)
  An ufetubus (D)
  An ooze (D)
8 creatures vanquished.

Grand Total: 126 creatures vanquished

Notes
Turn   | Place    | Note
--------------------------------------------------------------
     0 | D        | Kidiri the Minotaur Fighter began the quest for the Orb.
     0 | D        | Reached XP level 1. HP: 19/19 MP: 0/0
    60 | D        | Found a sacrificial altar of Ru.
    60 | D        | Found a basalt altar of Yredelemnul.
    60 | D        | Found a shadowy altar of Dithmenos.
    60 | D        | Found a deep blue altar of Sif Muna.
    60 | D        | Found a burning altar of Makhleb.
    60 | D        | Found a shimmering altar of Xom.
    60 | D        | Found an ancient bone altar of Kikubaaqudgha.
    60 | D        | Found a sparkling altar of Nemelex Xobeh.
    61 | D        | Found a glowing golden altar of the Shining One.
    61 | D        | Found a bloodstained altar of Trog.
    61 | D        | Found a shattered altar of Ashenzari.
    61 | D        | Found a white marble altar of Elyvilon.
    61 | D        | Found a snail-covered altar of Cheibriados.
    61 | D        | Found a blossoming altar of Fedhas.
    61 | D        | Found a radiant altar of Vehumet.
    61 | D        | Found a glowing silver altar of Zin.
    61 | D        | Found a corrupted altar of Lugonu.
    61 | D        | Found a viscous altar of Jiyva.
    61 | D        | Found a roughly hewn altar of Beogh.
    61 | D        | Found an iron altar of Okawaru.
    67 | D        | Found a stormy altar of Qazlal.
    67 | D        | Found an opulent altar of Gozag.
    70 | D        | Became a worshipper of Warmaster Okawaru
    89 | D        | Reached skill level 4 in Armour
    89 | D        | Reached skill level 1 in Dodging
    94 | D        | Reached skill level 1 in Invocations
    94 | D        | Reached XP level 2. HP: 14/27 MP: 1/1
   349 | D        | Reached skill level 5 in Armour
   459 | D        | Reached skill level 5 in Shields
   459 | D        | Reached XP level 3. HP: 33/33 MP: 1/3
   553 | D        | Noticed a worker ant
   554 | D        | Noticed a necrophage
   571 | D        | Killed a necrophage
   571 | D        | Acquired Okawaru's first power
   571 | D        | Reached skill level 5 in Fighting
   571 | D        | Reached skill level 5 in Axes
   571 | D        | Reached skill level 6 in Armour
   571 | D        | Reached XP level 4. HP: 21/41 MP: 4/4
   572 | D        | Killed a worker ant
   572 | D        | Reached skill level 7 in Armour
   572 | D        | Reached XP level 5. HP: 24/47 MP: 4/6
   790 | D        | Noticed Jessica
   791 | D        | Noticed a flying skull
   791 | D        | Noticed a necrophage
   791 | D        | Noticed Edmund
   795 | D        | Killed a necrophage
   795 | D        | Paralysed by a giant eyeball for 4 turns
   806 | D        | Killed Edmund
   806 | D        | Reached skill level 8 in Axes
   806 | D        | Reached XP level 6. HP: 35/57 MP: 5/8
   807 | D        | Killed a flying skull
   807 | D        | Reached skill level 9 in Armour
   807 | D        | Reached skill level 5 in Dodging
   812 | D        | Killed Jessica
   812 | D        | Reached XP level 7. HP: 39/65 MP: 6/9
   940 | D        | Noticed an orc wizard
   948 | D        | Killed an orc wizard
   954 | D        | Noticed Eustachio
   968 | D        | Killed Eustachio
   968 | D        | Reached skill level 5 in Invocations
  1023 | D        | Noticed a fire bat
  1023 | D        | Noticed an ogre
  1023 | D        | Noticed a scorpion
  1030 | D        | Killed a scorpion
  1030 | D        | Reached skill level 10 in Armour
  1033 | D        | Killed an ogre
  1033 | D        | Reached skill level 10 in Shields
  1037 | D        | Killed a fire bat
  1037 | D        | Reached skill level 10 in Axes
  1102 | D        | Noticed a jumping spider
  1102 | D        | Noticed a wasp
  1111 | D        | Killed a jumping spider
  1111 | D        | Reached XP level 8. HP: 53/73 MP: 9/11
  1116 | D        | Killed a wasp
  1116 | D        | Reached skill level 11 in Armour
  1275 | D        | Noticed a deep elf fighter
  1275 | D        | Noticed a centaur
  1275 | D        | Noticed a wraith
  1283 | D        | Killed a deep elf fighter
  1284 | D        | Killed a wraith
  1285 | D        | Killed a centaur
  1321 | D        | Noticed a yak
  1321 | D        | Noticed a yak
  1321 | D        | Noticed a yak
  1321 | D        | Noticed a yak
  1321 | D        | Noticed a yak
  1321 | D        | Noticed a gargoyle
  1321 | D        | Noticed a guardian mummy
  1327 | D        | Killed a yak
  1330 | D        | Killed a yak
  1331 | D        | Killed a yak
  1331 | D        | Reached skill level 12 in Armour
  1331 | D        | Reached XP level 9. HP: 44/82 MP: 12/12
  1332 | D        | Killed a gargoyle
  1333 | D        | Killed a yak
  1333 | D        | Acquired Okawaru's second power
  1334 | D        | Killed a yak
  1339 | D        | Killed a guardian mummy
  1521 | D        | Noticed a small abomination
  1521 | D        | Noticed a flayed ghost
  1521 | D        | Noticed a giant leech
  1534 | D        | Killed a small abomination
  1541 | D        | Killed a giant leech
  1542 | D        | Killed a flayed ghost
  1542 | D        | Received a gift from Okawaru
  1542 | D        | Reached skill level 10 in Fighting
  1542 | D        | Reached skill level 13 in Axes
  1682 | D        | Noticed a brain worm
  1682 | D        | Noticed a vampire mosquito
  1682 | D        | Noticed a basilisk
  1683 | D        | Noticed a vampire mosquito
  1684 | D        | Noticed a vampire mosquito
  1688 | D        | Killed a vampire mosquito
  1689 | D        | Noticed a quasit
  1690 | D        | Killed a vampire mosquito
  1690 | D        | Reached XP level 10. HP: 92/92 MP: 6/14
  1691 | D        | Killed a brain worm
  1693 | D        | Killed a basilisk
  1694 | D        | Killed a quasit
  1706 | D        | Killed a vampire mosquito
  1748 | D        | Noticed an ice beast
  1748 | D        | Noticed a demonic crawler
  1759 | D        | Killed a demonic crawler
  1766 | D        | Killed an ice beast
  1777 | D        | Noticed a hell rat
  1777 | D        | Noticed a two-headed ogre
  1777 | D        | Noticed a hill giant
  1777 | D        | Noticed Ijyb
  1781 | D        | Killed a hell rat
  1783 | D        | Killed a hill giant
  1783 | D        | Reached skill level 14 in Armour
  1784 | D        | Killed Ijyb
  1785 | D        | Killed a two-headed ogre
  1805 | D        | Noticed a wandering mushroom
  1805 | D        | Noticed an orc knight
  1805 | D        | Noticed an orc warrior
  1805 | D        | Noticed an orc warrior
  1805 | D        | Noticed an orc warrior
  1805 | D        | Noticed an orc warrior
  1805 | D        | Noticed a water elemental
  1806 | D        | Noticed Joseph
  1806 | D        | Noticed Urug
  1809 | D        | Killed an orc warrior
  1816 | D        | Killed Joseph
  1824 | D        | Killed a water elemental
  1828 | D        | Killed an orc warrior
  1833 | D        | Killed an orc knight
  1837 | D        | Killed an orc warrior
  1845 | D        | Killed Urug
  1845 | D        | Received a gift from Okawaru
  1951 | D        | Killed an orc warrior
  1951 | D        | Reached skill level 10 in Dodging
  1957 | D        | Killed a wandering mushroom
  1980 | D        | Noticed a steam dragon
  1980 | D        | Noticed an orc warrior
  1980 | D        | Noticed an orc wizard
  1980 | D        | Noticed an iron imp
  1981 | D        | Noticed a bog body
  1981 | D        | Noticed a sea snake
  1982 | D        | Noticed a red devil
  1982 | D        | Noticed an orc wizard
  1982 | D        | Noticed a deep troll
  1982 | D        | Noticed a swamp drake
  1993 | D        | Killed a swamp drake
  1995 | D        | Killed an orc wizard
  1998 | D        | Killed a bog body
  1999 | D        | Killed a sea snake
  1999 | D        | Reached skill level 15 in Armour
  1999 | D        | Reached XP level 11. HP: 90/101 MP: 10/16
  2000 | D        | Killed a steam dragon
  2004 | D        | Killed an iron imp
  2005 | D        | Killed a red devil
  2007 | D        | Killed an orc wizard
  2012 | D        | Killed an orc warrior
  2021 | D        | Killed a deep troll
  2021 | D        | Reached skill level 15 in Axes
  2021 | D        | Reached skill level 15 in Shields
  2075 | D        | Got the ring "Pasinof" {rPois MR+++ Str-5 Dex-4 SInv}
  2247 | D        | Noticed a yak
  2248 | D        | Noticed a yak
  2248 | D        | Noticed a yak
  2249 | D        | Noticed a yak
  2249 | D        | Noticed a cyclops
  2256 | D        | Killed a yak
  2257 | D        | Killed a yak
  2264 | D        | Killed a yak
  2267 | D        | Killed a cyclops
  2267 | D        | Killed a yak
  2288 | D        | Noticed a redback
  2288 | D        | Noticed a black mamba
  2290 | D        | Killed a black mamba
  2294 | D        | Killed a redback
  2303 | D        | Noticed a spiny frog
  2303 | D        | Noticed a two-headed ogre
  2303 | D        | Noticed a two-headed ogre
  2304 | D        | Noticed an ogre mage
  2305 | D        | Noticed an ogre
  2305 | D        | Noticed a two-headed ogre
  2309 | D        | Killed a two-headed ogre
  2309 | D        | Killed a two-headed ogre
  2313 | D        | Killed a spiny frog
  2316 | D        | Killed a two-headed ogre
  2318 | D        | Killed an ogre
  2324 | D        | Killed an ogre mage
  2324 | D        | Reached skill level 16 in Armour
  2352 | D        | Noticed an orc wizard
  2353 | D        | Noticed a death cob
  2353 | D        | Noticed an orc priest
  2354 | D        | Noticed an orc warrior
  2363 | D        | Killed an orc wizard
  2365 | D        | Killed a death cob
  2365 | D        | Reached skill level 10 in Invocations
  2367 | D        | Killed an orc priest
  2371 | D        | Killed an orc warrior
  2678 | D        | Noticed a lindwurm
  2686 | D        | Killed an unseen horror
  2697 | D        | Killed a lindwurm
  2697 | D        | Received a gift from Okawaru
  2699 | D        | Killed a ghost moth
  2699 | D        | Reached XP level 12. HP: 35/113 MP: 0/18
  2703 | D        | Gained mutation: Your flesh is cold resistant. [mutagenic meat]
  2704 | D        | Gained mutation: You are surrounded by a mild repulsion field (EV +2). [mutagenic meat]
  2705 | D        | Gained mutation: You are partially covered in molten scales (AC +1). [mutagenic meat]
  2706 | D        | Gained mutation: You are somewhat resistant to further mutation. [mutagenic meat]
  3132 | D        | Noticed a seven-headed hydra
  3132 | D        | Noticed an elephant
  3132 | D        | Noticed an orc knight
  3132 | D        | Noticed an orc priest
  3132 | D        | Noticed an orc warrior
  3132 | D        | Noticed a titan
  3132 | D        | Noticed a fire giant
  3132 | D        | Noticed a hell hog
  3132 | D        | Noticed a deep troll
  3136 | D        | Noticed a spriggan
  3136 | D        | Killed a hell hog
  3136 | D        | Reached skill level 17 in Armour
  3138 | D        | Noticed a hornet
  3143 | D        | Killed an elephant
  3146 | D        | Noticed a vampire mosquito
  3158 | D        | Killed an orc knight
  3159 | D        | Killed a fire giant
  3161 | D        | Noticed a wolf spider
  3164 | D        | HP: 2/115 [titan (42)]
  3175 | D        | Killed a titan
  3175 | D        | Received a gift from Okawaru
  3181 | D        | Killed an eight-headed hydra
  3184 | D        | Killed a hornet
  3186 | D        | Noticed Nessos
  3187 | D        | Killed a vampire mosquito
  3192 | D        | Killed Nessos
  3192 | D        | Reached skill level 18 in Armour
  3194 | D        | Noticed a vampire mosquito
  3195 | D        | Noticed a boulder beetle
  3197 | D        | Killed a wolf spider
  3199 | D        | Noticed an elephant
  3200 | D        | Noticed a vampire mosquito
  3202 | D        | Killed a spriggan
  3204 | D        | Noticed a mummy priest
  3205 | D        | Killed a vampire mosquito
  3208 | D        | Noticed an elephant
  3209 | D        | Killed a deep troll
  3216 | D        | Killed a mummy priest
  3216 | D        | Noticed a reaper
  3218 | D        | Noticed a slime creature
  3221 | D        | Killed a slime creature
  3223 | D        | Noticed a vampire mosquito
  3226 | D        | Noticed an alligator snapping turtle
  3227 | D        | Killed a reaper
  3229 | D        | Noticed a hippogriff
  3230 | D        | Killed an elephant
  3230 | D        | Received a gift from Okawaru
  3233 | D        | Killed an orc warrior
  3235 | D        | Killed an elephant
  3238 | D        | Noticed an orc warrior
  3238 | D        | Killed a vampire mosquito
  3244 | D        | Killed a boulder beetle
  3245 | D        | Killed an orc warrior
  3246 | D        | Noticed an elephant
  3248 | D        | Killed an orc priest
  3250 | D        | Noticed a manticore
  3251 | D        | Noticed a death knight
  3256 | D        | Killed an alligator snapping turtle
  3260 | D        | Killed a vampire mosquito
  3261 | D        | Noticed an ogre
  3265 | D        | Killed a hippogriff
  3266 | D        | Killed an elephant
  3273 | D        | Killed an ogre
  3274 | D        | Slain by a death knight

Vault maps used:
D:        pitsprint

Action                   |  1- 3 |  4- 6 |  7- 9 | 10-12 || total
-------------------------+-------+-------+-------+-------++-------
Melee: War axe           |    32 |    15 |    90 |   228 ||   365
       Flail             |       |       |       |    44 ||    44
Invok: Heroism           |       |     1 |     6 |     6 ||    13
       Finesse           |       |       |     2 |     5 ||     7
  Use: Scroll            |       |       |       |    10 ||    10
       Potion            |       |       |       |    10 ||    10
 Stab: Confused          |       |       |       |     1 ||     1
  Eat: Chunk             |       |       |     3 |     7 ||    10
       Bread ration      |       |       |       |     2 ||     2
